Map: Para Site LE

Players

NORTHAMERICA - Winner!

  • Race: Protoss Protoss
  • League: Grandmaster
  • Spawn Location: 11:00

llllllllllll

  • Race: Terran Terran
  • League: Master
  • Spawn Location: 5:00

VOD

Have the link to the VOD?

Description

Time

  • Played on: Nov. 15, 2018, 12:46 a.m.
  • Length: 8:37
Show
View Real Time Build Order
Export as new Build Order

NORTHAMERICA Protoss - Winner!

Build Orders: 1 Gate Expand 

Get SALT Encoding   

  12  0:02  Probe  
  13  0:14  Probe  
  13  0:20  Pylon  
  14  0:26  Probe  
  15  0:35  Probe  
  15  0:38  Gateway  
  16  0:43  Probe  
  16  0:49  Assimilator  
  17  0:53  Probe  
  18  1:05  Probe  
  19  1:17  Probe  
  20  1:25  Nexus  
  20  1:34  Cybernetics Core  
  20  1:37  Probe  
  21  1:43  Assimilator  
  21  1:49  Pylon  
  21  1:53  Zealot  
  23  2:07  Probe  
  24  2:12  Warp Gate  
  24  2:16  Adept  
  24  2:19  Probe  
  26  2:34  Probe x2, Robotics Facility  
  27  2:42  Probe  
  28  2:46  Probe  
  30  2:52  Probe  
  31  2:58  Probe, Stalker  
  31  3:00  Shield Battery  
  31  3:04  Probe  
  34  3:18  Probe, Immortal  
  34  3:19  Probe  
  36  3:28  Sentry  
  36  3:31  Probe  
  36  3:34  Probe  
  44  3:40  Pylon  
  44  3:43  Probe  
  44  3:47  Gateway  
  45  3:51  Observer  
  45  4:02  Shield Battery  
  44  4:06  Immortal  
  44  4:09  Probe  
  44  4:10  Probe  
  49  4:20  Stalker  
  49  4:29  Probe  
  49  4:31  Probe  
  39  4:49  Stalker x2, Immortal  
  38  4:56  Pylon  
  42  5:00  Probe x2  
  44  5:12  Probe  
  46  5:14  Probe  
  46  5:15  Stalker x2  
  46  5:24  Probe  
  46  5:26  Probe, Immortal  
  49  5:36  Probe  
  49  5:38  Probe  
  53  5:44  Pylon  
  53  5:52  Gateway  
  53  6:03  Immortal  
  55  6:15  Zealot x2  
  47  6:24  Probe  
  40  6:32  Probe  
  36  6:33  Probe  
  36  6:39  Sentry  
  40  6:40  Probe  
  40  6:42  Observer  
  40  6:45  Probe  
  43  6:50  Probe  
  44  6:57  Probe  
  44  6:58  Probe  
  44  6:59  Sentry  
  44  7:00  Stalker  
  49  7:04  Immortal  
  49  7:06  Probe  
  50  7:09  Probe  
  56  7:17  Sentry  
  56  7:24  Probe  
  56  7:26  Shield Battery  
  56  7:29  Zealot  
  59  7:33  Pylon  
  59  7:36  Stalker  
  61  7:41  Immortal  
  61  7:47  Pylon  
  64  7:56  Zealot  
  66  8:04  Stalker x2  
  64  8:20  Zealot  
Show
View Real Time Build Order
Export as new Build Order

llllllllllll Terran 

Build Orders: Cyclone Opening 

Get SALT Encoding   

  12  0:00  SCV  
  13  0:12  SCV  
  14  0:16  Supply Depot  
  14  0:24  SCV  
  15  0:38  SCV  
  16  0:45  Barracks  
  16  0:47  Refinery  
  16  0:52  SCV  
  16  0:55  Refinery  
  17  1:04  SCV  
  18  1:16  SCV  
  19  1:28  SCV  
  20  1:33  Reaper  
  21  1:41  Orbital Command  
  21  1:49  Factory  
  21  2:00  Supply Depot  
  21  2:03  Factory  
  21  2:11  Barracks Reactor  
  21  2:12  SCV  
  22  2:24  SCV  
  22  2:33  Cyclone  
  22  2:36  SCV  
  26  2:49  SCV  
  26  2:50  Cyclone  
  30  2:53  Marine  
  30  2:57  Supply Depot  
  31  3:19  Marine x2, SCV, Cyclone  
  37  3:22  Supply Depot  
  37  3:31  SCV  
  38  3:37  Marine  
  39  3:43  Marine, Cyclone  
  43  3:51  Supply Depot  
  43  3:52  SCV  
  42  4:09  Marine  
  38  4:18  Cyclone x2  
  44  4:27  Marine  
  37  4:53  Cyclone  
  36  5:08  Marine  
  36  5:09  Marine  
  37  5:23  SCV  
  37  5:25  Cyclone  
  37  5:26  Marine x2  
  43  5:35  SCV  
  44  5:47  SCV  
  16  6:33  Cyclone x2  
  16  6:34  SCV  
  16  6:36  Marine  
  16  6:38  Marine  
  25  6:46  SCV  
  26  7:01  Marine  
  27  7:04  Marine  
  27  7:05  Cyclone  
  31  7:10  Cyclone  
  34  7:20  Marine  
  35  7:37  Marine  
  35  7:38  Marine  
  40  7:45  Cyclone  
Tags
 
Add a new tag
Caveats
  • Supply blocks, unpowered buildings, or Contaminate may cause inaccurate times.
  • Supply counts are checked every 10 seconds.